 Dungeon Crawl Stone Soup version 0.28.0-47-ge53b351184 (webtiles) character file.

Game seed: 15275265029806431861

5 styxcanada the Sneak (level 1, 0/10 HPs)
             Began as a Spriggan Brigand on Apr 29, 2022.
             Slain by a goblin
             ... wielding a +0 club
              (1 damage)
             ... on level 1 of the Dungeon.
             The game lasted 00:00:30 (209 turns).

styxcanada the Sneak (Spriggan Brigand)              Turns: 209, Time: 00:00:30

Health: 0/10       AC:  3    Str:  7    XL:     1   Next: 66%
Magic:  2/2        EV: 16    Int: 12    God:
Gold:   15         SH:  0    Dex: 16    Spells: 0/0 levels left

rFire   . . .      SeeInvis +   a - +2 dagger
rCold   . . .      Faith    .   (no shield)
rNeg    . . .      Spirit   .   b - +0 robe
rPois   .          Reflect  .   (helmet restricted)
rElec   .          Harm     .   c - +0 cloak
rCorr   .          Rampage  .   (gloves unavailable)
Will    .....                   (boots unavailable)
Stlth   +++.......              (no amulet)
HPRegen 0.03/turn               (no ring)
MPRegen 0.08/turn               (no ring)

@: very quick
A: very small, no large weapons, unfitting armour, see invisible, speed 3
a: no special abilities


You were on level 1 of the Dungeon.
You visited 1 branch of the dungeon, and saw 1 of its levels.

You collected 15 gold pieces.

Inventory:

Hand Weapons
 a - a +2 dagger (weapon)
Missiles
 d - 8 poisoned darts (quivered)
 e - 2 curare-tipped darts
 f - 14 sling bullets
Armour
 b - a +0 robe (worn)
 c - a +0 cloak (worn)


   Skills:
 * Level 1.5 Fighting
 + Level 2.2 Short Blades
 + Level 2.0 Throwing
 * Level 1.8 Dodging
 * Level 6.1 Stealth


You couldn't memorise any spells.
You didn't know any spells.
Your spell library was empty.

Dungeon Overview and Level Annotations

Branches:
Dungeon (1/15)

Altars:


Innate Abilities, Weirdness & Mutations

You are very small and have problems with some larger weapons.
You are too small for most types of armour.
You have supernaturally acute eyesight. (SInv)
You cover ground extremely quickly. (Speed+++)


Message History

You kill the endoplasm!
The helpless dart slug fails to defend itself.
You impale the dart slug!!
You kill the dart slug!
Your Stealth skill increases to level 6!
You start resting.
HP restored.
A kobold comes into view. It is wielding a +0 short sword.
A goblin comes into view. It is wielding a +0 club.
The helpless kobold fails to defend itself.
You impale the kobold!!
You kill the kobold!
The goblin shouts!
You hear an angry hiss.
A ball python comes into view.
You completely miss the goblin. The goblin hits you but does no damage.
You miss the goblin. The goblin hits you with a +0 club.
You barely miss the goblin. The goblin completely misses you.
You closely miss the goblin. The goblin hits you with a +0 club.
You hit the goblin.
The goblin is severely wounded.
The ball python barely misses you. The ball python closely misses you.
You barely miss the goblin.
The goblin is severely wounded.
The goblin misses you.
A goblin comes into view. It is wielding a +0 club.
The ball python bites you but does no damage.
The ball python closely misses you.
You closely miss the goblin.
The goblin is severely wounded.
The goblin closely misses you. The ball python bites you.
The ball python misses you.
The goblin shouts!
You hit the goblin but do no damage.
The goblin is severely wounded.
The ball python completely misses you. The ball python closely misses you.
The goblin hits you with a +0 club.
* * * LOW HITPOINT WARNING * * *
The ball python closely misses you. The ball python misses you.
The goblin hits you with a +0 club.
You die...

#########....
..#........##########....
..#........#.............
..#.......†#............
..###...#.##........... .
.....................# ...
.####...#.#..........#....
..........#......g........
###.#...###.....@S.g..#
###.###..##.......)...#
.....###..##...#...##.#
###....##..#...#...# ..
###...##.....#...# ...
##...##....#.... ..
##..##..###..... . #...##.
....... ##..#


You could see 2 goblins and a ball python.

Vanquished Creatures
  A dart slug (D:1)
  An endoplasm (D:1)
  A kobold (D:1)
  A rat (D:1)
4 creatures vanquished.

Notes
Turn   | Place    | Note
-------+----------+-------------------------------------------
     0 | D:1      | styxcanada the Spriggan Brigand began the quest for the
                  | Orb.
     0 | D:1      | Reached XP level 1. HP: 10/10 MP: 2/2
    56 | D:1      | Reached skill level 6 in Stealth
   209 | D:1      | Slain by a goblin

Illustrated notes

Levels and vault maps discovered:
D:1:      heliophobic_arrival_dark_side_of_the_moon, layout_basic,
          shapermc_ecumenical_altar_totnotflames

Skill      XL: |  1 |
---------------+----+-----
Stealth        | 6 |  6.1
Fighting       | |  1.5
Short Blades   | |  2.2
Throwing       | |  2.0
Dodging        | |  1.8

Action                   || total
-------------------------++-------
Melee: Dagger            ||    17
 Stab: Sleeping          ||     2
Armor: Robe              ||     3
Dodge: Dodged            ||    12
